Map: Deathaura LE

Players

Cheater 1 (Insane)

  • Race: Terran Terran
  • Spawn Location: 11:00

Groovy - Winner!

  • Race: Terran Terran
  • League: Master
  • Spawn Location: 5:00

VOD

Have the link to the VOD?

Description

Tvt safe Mech Opener

Time

  • Played on: Nov. 11, 2020, 9:59 p.m.
  • Length: 24:16
Show
View Real Time Build Order
Export as new Build Order

Cheater 1 (Insane) Terran 

Build Orders:  

Get SALT Encoding   

  12  0:00  SCV  
  13  0:13  SCV  
  14  0:18  Supply Depot  
  14  0:25  SCV  
  15  0:40  SCV  
  16  0:43  Barracks  
  16  0:52  SCV  
  17  1:04  SCV  
  17  1:05  Command Center  
  18  1:16  SCV  
  19  1:25  Refinery  
  19  1:29  Marine  
  19  1:30  Orbital Command  
  20  1:33  Supply Depot  
  20  1:44  Refinery  
  20  1:47  Marine  
  21  1:55  SCV  
  22  2:05  Marine  
  22  2:07  SCV  
  24  2:13  Barracks  
  24  2:15  Supply Depot  
  24  2:16  SCV  
  24  2:19  SCV  
  26  2:23  Marine  
  26  2:28  SCV  
  26  2:29  Factory  
  28  2:32  SCV  
  29  2:40  Marine  
  29  2:41  SCV  
  29  2:44  SCV  
  32  2:53  SCV, Barracks  
  32  2:56  SCV  
  34  2:58  Marine  
  34  2:59  Marine  
  34  3:05  SCV  
  36  3:08  SCV  
  36  3:12  Supply Depot, Factory Tech Lab  
  37  3:17  SCV, Barracks Tech Lab  
  37  3:18  Barracks Tech Lab  
  37  3:20  SCV  
  38  3:29  SCV  
  38  3:30  Siege Tank  
  38  3:32  SCV  
  43  3:35  Marine  
  43  3:36  Combat Shield, Stimpack, Marine  
  43  3:40  Supply Depot  
  45  3:41  SCV, Marine  
  45  3:44  SCV  
  45  3:45  Supply Depot  
  48  3:53  SCV, Marine x2  
  51  3:56  SCV  
  51  3:59  Marine  
  51  4:02  Supply Depot, Siege Tank  
  53  4:05  SCV  
  53  4:08  SCV  
  58  4:12  Marauder x2  
  58  4:16  Supply Depot  
  62  4:17  SCV, Marine  
  62  4:20  SCV  
  62  4:22  Supply Depot  
  65  4:29  SCV  
  66  4:32  Marine  
  66  4:33  SCV, Marauder  
  66  4:34  Supply Depot  
  66  4:35  Marine, Siege Tank  
  74  4:42  SCV, Refinery  
  74  4:44  Ghost Academy  
  74  4:45  SCV  
  76  4:48  Refinery  
  76  4:50  Marine  
  77  4:53  Marine  
  77  4:54  SCV, Concussive Shells, Marauder  
  77  4:57  SCV, Engineering Bay  
  77  4:59  Engineering Bay  
  82  5:06  Orbital Command  
  81  5:09  SCV, Marauder  
  81  5:13  Barracks Reactor  
  84  5:16  Marauder  
  84  5:21  SCV, Barracks  
  87  5:23  Terran Infantry Armor Level 1  
  87  5:24  Starport  
  87  5:25  Terran Infantry Weapons Level 1  
  87  5:26  Missile Turret  
  87  5:28  Missile Turret  
  87  5:29  Ghost  
  87  5:33  SCV  
  87  5:34  SCV  
  91  5:37  Marine  
  91  5:38  Supply Depot  
  92  5:45  SCV  
  92  5:46  SCV  
  92  5:49  Marine x2  
  96  5:51  Command Center  
  96  5:53  Missile Turret  
  96  5:54  Ghost  
  98  5:58  Marine  
  98  6:01  Supply Depot, Starport Reactor, Siege Tank  
  98  6:02  Command Center  
  102  6:14  Missile Turret  
  102  6:25  Supply Depot  
  102  6:36  Barracks, Liberator  
  102  6:37  Viking  
  102  6:38  Missile Turret  
  109  6:47  Marauder  
  109  6:48  Marauder  
  109  6:49  Supply Depot  
  111  7:02  Marine  
  111  7:03  SCV x2, Orbital Command, Marine x2  
  111  7:07  Liberator  
  121  7:08  Marauder  
  121  7:09  Ghost  
  121  7:14  Supply Depot  
  121  7:15  SCV x3  
  125  7:19  Viking  
  125  7:20  Marine  
  129  7:24  Refinery  
  129  7:26  Missile Turret, Marine x2  
  129  7:27  SCV x2, Marine  
  129  7:28  SCV  
  129  7:29  SCV, Missile Turret  
  128  7:30  Marauder  
  128  7:31  Refinery  
  128  7:34  Command Center  
  116  7:37  Ghost  
  116  7:38  Marine  
  116  7:39  SCV x2  
  116  7:40  SCV  
  116  7:41  SCV  
  113  7:44  Marine x2  
  113  7:45  Marine  
  113  7:49  Viking  
  113  7:50  Viking  
  119  7:51  SCV, Marauder  
  119  7:52  SCV x2  
  119  7:53  SCV  
  119  7:56  Marine  
  124  8:02  Marine  
  124  8:03  Marine x2  
  124  8:04  Armory  
  127  8:06  Ghost  
  127  8:11  Personal Cloaking  
  128  8:13  Marauder  
  128  8:14  Marine  
  128  8:19  Medivac, Liberator  
  123  8:20  Marine  
  123  8:21  Marine  
  123  8:22  Marine  
  123  8:24  Planetary Fortress  
  124  8:31  Marine  
  127  8:34  Marauder  
  127  8:35  Marauder  
  127  8:38  Marine  
  127  8:39  Marine  
  127  8:40  Marine  
  117  8:49  Refinery, Marine, Liberator  
  117  8:51  Terran Infantry Armor Level 2  
  117  8:52  Terran Infantry Weapons Level 2  
  117  8:54  Ghost  
  117  8:55  Marine  
  117  8:57  Marauder, Marine  
  117  8:58  Marine  
  77  9:02  Viking, Missile Turret  
  119  9:03  Command Center  
  119  9:07  Marine  
  118  9:11  Planetary Fortress, Missile Turret  
  118  9:13  Marine  
  118  9:15  Marine  
  118  9:16  Marine  
  121  9:18  Marauder  
  121  9:22  Refinery  
  121  9:23  Ghost  
  125  9:25  Marine  
  125  9:26  Factory  
  125  9:29  Armory  
  125  9:31  Marine, Siege Tank  
  129  9:32  Medivac, Liberator  
  129  9:33  Marine x2  
  129  9:36  Starport  
  129  9:37  Missile Turret  
  137  9:39  Ghost  
  137  9:43  Marine  
  140  9:48  Nuke  
  140  9:49  Marine  
  140  9:52  Marauder  
  143  9:53  Missile Turret  
  143  9:54  Marine x2  
  143  9:55  Missile Turret  
  145  10:00  Marine  
  145  10:02  Viking  
  145  10:03  Siege Tank  
  151  10:07  Marine  
  151  10:08  Marauder  
  151  10:12  Supply Depot, Liberator, Factory Tech Lab  
  151  10:13  Ghost, Marine, Barracks Tech Lab  
  160  10:15  Liberator  
  160  10:16  Missile Turret  
  160  10:18  Marine  
  163  10:22  SCV  
  163  10:24  Marine  
  163  10:28  SCV, Planetary Fortress, Refinery, Command Center  
  164  10:29  Marauder  
  164  10:30  SCV, Ghost, Siege Tank  
  164  10:31  Marine  
  164  10:32  SCV, Missile Turret, Liberator  
  164  10:35  SCV, Missile Turret, Siege Tank  
  179  10:36  Marine  
  179  10:39  Missile Turret  
  179  10:41  Ghost, Refinery  
  179  10:42  Marine  
  183  10:51  Marauder  
  183  10:55  Starport Tech Lab  
  185  10:58  Liberator  
  185  10:59  Fusion Core  
  188  11:07  Hi-Sec Auto Tracking  
  188  11:08  Neosteel Armor  
  188  11:10  SCV  
  188  11:13  Viking, Cloaking Field  
  188  11:15  Medivac  
  184  11:26  Siege Tank  
  187  11:37  Nuke  
  187  11:38  Siege Tank  
  187  11:39  Terran Vehicle Weapons Level 1, Terran Vehicle And Ship Armor Level 1  
  188  11:41  Viking  
  188  11:42  Planetary Fortress  
  188  11:43  Unknown, Liberator  
  188  11:45  Liberator  
  196  11:47  Advanced Ballistics  
  196  11:50  Unknown  
  196  11:58  Missile Turret  
  196  12:04  Terran Infantry Armor Level 3  
  196  12:08  Missile Turret  
  196  12:11  Medivac  
  196  12:15  Missile Turret  
  198  12:26  Viking  
  200  12:48  Terran Infantry Weapons Level 3  
  198  12:56  Raven  
  200  13:06  Rapid Reignition System  
  198  13:31  Nuke  
  198  13:33  Terran Vehicle Weapons Level 2  
  196  13:34  Terran Vehicle And Ship Armor Level 2, Siege Tank  
  199  13:42  Raven  
  199  13:43  Siege Tank  
  190  13:48  Viking  
  190  13:49  Viking  
  178  14:06  Siege Tank  
  181  14:14  Marauder x2  
  181  14:15  Siege Tank  
  184  14:18  Viking, Marauder, Liberator  
  184  14:20  Marine x2  
  184  14:21  Marine  
  163  14:25  Command Center, Liberator  
  163  14:30  Nuke  
  143  14:34  Marine  
  143  14:35  Marine  
  143  14:38  Marine x2, Siege Tank  
  137  14:39  Marine x2  
  137  14:42  Unknown  
  124  14:46  SCV  
  124  14:47  Siege Tank  
  124  14:48  Viking  
  122  14:52  Marine  
  122  14:53  Marauder  
  122  14:56  Marine x2  
  122  14:57  Marine  
  122  14:58  Marauder  
  129  15:00  SCV  
  129  15:01  Medivac  
  129  15:05  SCV  
  129  15:06  SCV x2  
  132  15:08  Liberator  
  132  15:10  Siege Tank  
  132  15:11  Marauder  
  132  15:14  Marauder, Marine x2  
  130  15:15  Marine  
  130  15:16  Unknown  
  130  15:18  Viking, Ghost  
  130  15:19  Siege Tank  
  140  15:22  SCV  
  140  15:25  SCV  
  140  15:27  SCV  
  137  15:30  SCV x2  
  137  15:31  Marine, Liberator  
  137  15:32  Marauder, Marine  
  137  15:33  Marine  
  137  15:35  Ghost  
  145  15:40  Planetary Fortress, Missile Turret  
  147  15:43  Siege Tank  
  147  15:47  Marine  
  147  15:48  SCV, Missile Turret, Liberator  
  147  15:49  Marine x2  
  152  15:50  Marine  
  152  15:51  Siege Tank, Liberator  
  152  15:53  Marine  
  152  15:56  SCV  
  154  16:02  Missile Turret  
  154  16:04  SCV, Marine  
  150  16:05  SCV, Marine  
  150  16:06  SCV  
  150  16:07  Marine x2  
  150  16:08  SCV, Marine  
  150  16:11  Marauder  
  150  16:14  Liberator  
  150  16:15  Siege Tank  
  150  16:16  SCV  
  150  16:17  SCV  
  153  16:18  SCV x2  
  153  16:21  SCV, Ghost  
  153  16:23  Marine  
  153  16:24  Siege Tank  
  153  16:25  Marine x2  
  154  16:26  Marine  
  154  16:28  SCV  
  154  16:29  SCV  
  154  16:31  Viking  
  154  16:32  Ghost, Nuke  
  149  16:33  SCV  
  149  16:34  Viking  
  149  16:35  SCV x2  
  144  16:40  SCV  
  144  16:41  Marauder  
  144  16:43  Marine x2  
  144  16:44  SCV, Marine  
  144  16:45  SCV  
  143  16:47  SCV, Siege Tank  
  143  16:48  SCV  
  143  16:51  Marauder  
  143  16:52  SCV  
  147  16:56  SCV, Siege Tank  
  147  16:57  Viking, SCV  
  147  16:59  SCV  
  147  17:00  Ghost, Marine  
  147  17:01  Viking, Marine  
  154  17:02  Marauder, Marine  
  154  17:04  Viking, SCV  
  154  17:06  SCV  
  154  17:08  SCV  
  135  17:09  SCV  
  135  17:11  SCV, Ghost  
  117  17:16  SCV  
  117  17:18  SCV, Marine x2  
  117  17:19  Marine, Siege Tank  
  117  17:20  SCV  
  117  17:21  SCV, Command Center  
  122  17:24  Marauder  
  122  17:27  Medivac  
  122  17:28  SCV, Siege Tank  
  122  17:29  Marine  
  120  17:30  SCV  
  120  17:31  Viking  
  120  17:32  SCV  
  120  17:33  SCV  
  120  17:34  Medivac  
  120  17:36  Marine x2  
  129  17:37  Marine  
  129  17:40  Ghost  
  129  17:41  SCV  
  133  17:44  Marine  
  133  17:46  SCV x3  
  133  17:47  Ghost, Nuke  
  129  17:51  Siege Tank  
  129  17:52  Supply Depot  
  129  17:53  SCV  
  129  17:54  Marine x2  
  129  17:55  Marine  
  129  17:57  Viking  
  129  17:58  SCV x3  
  133  18:00  Siege Tank  
  133  18:01  Viking  
  133  18:03  Marauder  
  133  18:04  Viking  
  133  18:05  SCV  
  119  18:08  Marine  
  119  18:10  SCV x3  
  119  18:12  Marine x2  
  103  18:13  Marine  
  103  18:16  Marauder  
  103  18:17  SCV  
  107  18:22  SCV x2  
  107  18:23  SCV, Ghost, Siege Tank  
  116  18:27  Marauder, Liberator  
  116  18:29  SCV, Marine  
  116  18:30  Marine  
  116  18:31  Marine, Liberator  
  116  18:32  Siege Tank  
  116  18:33  Viking  
  127  18:34  SCV  
  127  18:35  SCV x2  
  127  18:38  Marauder  
  127  18:41  SCV  
  127  18:43  Missile Turret  
  127  18:46  SCV  
  127  18:47  SCV, Marine  
  127  18:48  Marine x2  
  129  18:49  Marine  
  129  18:52  Marine  
  129  18:53  SCV  
  129  18:55  Supply Depot, Siege Tank  
  110  18:58  SCV, Ghost, Missile Turret  
  110  18:59  SCV  
  106  19:03  Raven  
  106  19:04  Siege Tank  
  106  19:05  SCV, Missile Turret, Marine x2  
  106  19:06  Marine x2  
  106  19:07  Nuke  
  115  19:10  Viking, SCV, Ghost  
  115  19:11  SCV  
  115  19:13  Missile Turret  
  115  19:14  Medivac  
  118  19:17  SCV  
  118  19:22  SCV  
  118  19:23  SCV, Marine  
  118  19:24  Marauder, Marine x2  
  115  19:27  Marine, Siege Tank  
  115  19:29  SCV  
  117  19:34  SCV  
  117  19:36  SCV, Siege Tank  
  111  19:39  Marauder  
  111  19:40  Viking  
  111  19:41  Marine  
  111  19:42  SCV, Marine x2  
  111  19:44  Viking, Ghost  
  111  19:45  Marauder  
  122  19:46  Liberator  
  122  19:47  SCV  
  122  19:49  SCV  
  126  19:54  SCV  
  126  19:59  SCV, Marine x2, Siege Tank  
  116  20:00  Marine  
  116  20:01  SCV, Marauder  
  116  20:06  SCV, Marine  
  105  20:08  Siege Tank  
  105  20:10  Viking  
  105  20:11  SCV  
  105  20:13  SCV, Ghost  
  105  20:14  Liberator  
  111  20:16  Marine  
  111  20:17  Marine  
  111  20:18  SCV, Marine  
  112  20:22  Marauder  
  112  20:23  SCV  
  112  20:24  Marine  
  112  20:25  SCV  
  112  20:29  Viking  
  112  20:30  SCV  
  112  20:31  Siege Tank  
  112  20:33  Nuke  
  112  20:34  Marine  
  112  20:35  SCV, Marine  
  114  20:36  Marine  
  114  20:37  SCV  
  114  20:40  Medivac, Siege Tank  
  114  20:41  Ghost  
  114  20:42  SCV, Marine  
  125  20:43  Marauder  
  125  20:47  SCV  
  125  20:49  SCV  
  104  20:52  Marine  
  104  20:53  Marine  
  104  20:54  SCV, Marine  
  104  20:56  Liberator  
  98  20:59  SCV  
  98  21:00  Marine  
  98  21:01  SCV  
  98  21:04  Siege Tank  
  99  21:05  Marauder  
  99  21:06  SCV  
  99  21:09  Liberator  
  99  21:10  Ghost, Marine  
  99  21:11  SCV, Marine  
  108  21:12  Marine, Siege Tank  
  108  21:17  Ghost  
  110  21:18  SCV  
  110  21:20  SCV  
  110  21:23  SCV  
  100  21:25  Marine  
  100  21:28  Marine  
  100  21:29  Marine x2  
  100  21:30  SCV  
  100  21:32  SCV  
  95  21:35  SCV  
  95  21:39  Viking, Marauder  
  84  21:43  SCV, Ghost  
  84  21:44  SCV  
  84  21:45  Marine, Siege Tank  
  84  21:46  Marine x2  
  68  21:47  Marine  
  68  21:48  SCV  
  68  21:52  Viking  
  48  21:55  SCV  
  48  21:56  SCV  
  48  22:00  SCV  
  48  22:01  Marauder  
  32  22:04  Marine  
  32  22:05  Marine  
  32  22:07  SCV  
  32  22:08  SCV  
  30  22:09  Liberator  
  30  22:12  SCV, Marine  
  33  22:17  Siege Tank  
  33  22:19  SCV  
  33  22:20  SCV  
  33  22:21  Ghost  
  33  22:22  Marine  
  29  22:23  Marine  
  29  22:24  SCV  
  26  22:30  Marauder  
  26  22:31  SCV  
  26  22:36  SCV  
  28  22:39  Ghost  
  28  22:41  Marine  
  28  22:43  SCV  
  25  22:48  SCV  
  25  22:50  Marine  
  21  22:52  Marauder  
  20  22:58  Marine  
  20  23:00  SCV  
  18  23:08  Marine  
  18  23:12  SCV, Ghost  
Show
View Real Time Build Order
Export as new Build Order

Groovy Terran - Winner!

Build Orders: Gas First Reaper Expand, Mech 

Get SALT Encoding   

  12  0:00  SCV  
  13  0:12  SCV  
  14  0:16  Supply Depot  
  14  0:24  SCV  
  15  0:29  Refinery  
  15  0:38  SCV  
  16  0:44  Barracks  
  16  0:50  SCV  
  17  1:02  SCV  
  18  1:14  SCV  
  19  1:31  Orbital Command  
  19  1:32  Reaper  
  20  1:47  Command Center  
  20  1:57  Factory  
  20  1:58  SCV  
  21  2:05  Barracks Reactor  
  21  2:10  SCV  
  21  2:12  Refinery  
  22  2:17  Supply Depot  
  23  2:22  SCV  
  23  2:38  SCV  
  23  2:42  Factory Tech Lab  
  24  2:46  Starport  
  24  2:50  SCV  
  25  3:02  Orbital Command  
  25  3:03  SCV  
  26  3:08  Siege Tank  
  29  3:15  SCV  
  30  3:24  Viking  
  33  3:27  SCV x2  
  33  3:31  Refinery  
  34  3:34  Viking  
  34  3:39  SCV  
  34  3:40  SCV  
  38  3:45  Supply Depot  
  38  3:51  SCV  
  38  3:52  SCV  
  40  3:58  Command Center  
  40  4:03  SCV  
  40  4:04  Siege Tank  
  40  4:07  SCV  
  45  4:13  Viking  
  45  4:15  SCV  
  48  4:17  Supply Depot  
  48  4:19  SCV  
  48  4:22  Viking  
  51  4:27  SCV  
  51  4:28  Refinery  
  51  4:31  SCV  
  53  4:38  Supply Depot  
  53  4:39  Siege Tank  
  53  4:41  SCV  
  53  4:45  Viking  
  59  4:47  SCV  
  60  4:53  SCV  
  60  4:59  Supply Depot  
  61  5:00  Viking, SCV  
  64  5:07  SCV  
  64  5:12  Armory x2  
  65  5:15  Orbital Command  
  65  5:18  SCV  
  66  5:23  Siege Tank  
  66  5:26  SCV  
  70  5:31  SCV  
  71  5:38  SCV  
  71  5:41  Viking  
  73  5:43  Viking, SCV, Factory  
  73  5:46  SCV  
  77  5:50  SCV  
  77  5:55  SCV  
  79  6:00  Barracks Reactor  
  79  6:03  Terran Vehicle Weapons Level 1  
  79  6:05  Supply Depot  
  79  6:06  Supply Depot  
  79  6:08  Terran Vehicle And Ship Armor Level 1  
  79  6:09  SCV  
  79  6:10  SCV, Engineering Bay  
  81  6:18  Orbital Command  
  81  6:21  SCV  
  81  6:22  SCV  
  81  6:24  Siege Tank  
  86  6:29  Command Center  
  86  6:32  Refinery x2  
  86  6:33  SCV  
  86  6:34  SCV  
  88  6:45  SCV  
  88  6:46  SCV  
  90  6:47  Barracks Tech Lab  
  90  6:48  Factory  
  90  6:49  Infernal Pre-Igniter  
  90  6:52  Widow Mine  
  90  6:53  Widow Mine  
  95  6:54  SCV  
  95  6:57  SCV  
  95  6:58  SCV  
  97  7:06  SCV  
  98  7:08  Supply Depot  
  98  7:09  Supply Depot x2  
  98  7:10  Supply Depot  
  98  7:14  Siege Tank  
  103  7:16  Hellion x2  
  103  7:19  SCV, Viking  
  108  7:23  SCV, Supply Depot  
  108  7:26  SCV  
  108  7:28  Viking  
  107  7:31  SCV  
  107  7:35  SCV  
  88  7:38  SCV  
  88  7:42  Hellion x2  
  88  7:43  SCV  
  89  7:47  Orbital Command  
  87  7:53  Siege Tank  
  87  7:54  SCV  
  87  7:56  SCV  
  87  7:57  Terran Vehicle Weapons Level 2  
  90  8:04  Siege Tank  
  90  8:05  Smart Servos  
  91  8:06  SCV, Hellion x2  
  91  8:08  SCV  
  91  8:10  Orbital Command  
  91  8:11  Viking  
  91  8:12  Viking  
  100  8:14  SCV  
  100  8:18  SCV  
  91  8:21  SCV  
  91  8:26  SCV  
  92  8:30  SCV  
  92  8:33  SCV  
  94  8:38  SCV  
  81  8:42  SCV  
  81  8:43  Refinery  
  81  8:45  Refinery  
  76  8:56  SCV  
  76  8:57  Siege Tank x2  
  76  8:58  SCV, Hellion x2  
  76  8:59  SCV  
  88  9:03  SCV  
  88  9:08  SCV  
  90  9:10  SCV  
  90  9:11  Factory  
  90  9:12  Factory  
  91  9:19  SCV x2, Sensor Tower  
  91  9:21  Hellion x2  
  97  9:24  Viking x2  
  101  9:35  Siege Tank x2  
  101  9:36  SCV  
  101  9:37  SCV x2  
  101  9:38  SCV  
  111  9:43  Supply Depot, Terran Vehicle And Ship Armor Level 2  
  111  9:44  Supply Depot  
  111  9:48  SCV  
  111  9:49  SCV  
  111  9:51  Missile Turret  
  113  9:55  SCV  
  114  10:00  Engineering Bay  
  114  10:03  SCV, Supply Depot  
  114  10:04  Missile Turret, Factory Tech Lab  
  114  10:05  Factory Tech Lab  
  115  10:07  Supply Depot, Factory Reactor  
  115  10:09  Hellion x2, Siege Tank x2  
  115  10:10  Viking  
  115  10:11  SCV  
  124  10:20  SCV  
  123  10:22  SCV  
  123  10:23  Terran Vehicle Weapons Level 3  
  123  10:24  SCV  
  125  10:32  Siege Tank  
  125  10:33  Widow Mine x2  
  130  10:39  SCV  
  130  10:41  Starport  
  131  10:42  Orbital Command  
  131  10:50  Siege Tank x2  
  131  10:52  Widow Mine x2  
  131  10:54  Supply Depot  
  131  10:55  Supply Depot x2  
  131  10:56  Supply Depot, Refinery x2  
  141  11:04  SCV  
  142  11:05  Siege Tank  
  142  11:06  Widow Mine x2  
  142  11:08  Supply Depot  
  142  11:09  Supply Depot  
  147  11:21  Starport Reactor  
  147  11:22  Viking x2, Siege Tank  
  154  11:30  Missile Turret x2  
  154  11:33  Hi-Sec Auto Tracking  
  154  11:34  SCV  
  154  11:35  SCV x2  
  154  11:38  Siege Tank x2  
  167  11:40  Hellion x2  
  167  11:48  SCV  
  167  11:53  Viking x2  
  172  12:02  Command Center x2  
  172  12:09  Siege Tank  
  172  12:10  Terran Vehicle And Ship Armor Level 3  
  172  12:12  Hellion x4  
  172  12:15  Siege Tank  
  186  12:16  SCV  
  186  12:18  Viking  
  186  12:21  Viking  
  191  12:52  Siege Tank x2  
  191  12:53  Siege Tank  
  200  13:01  Refinery  
  200  13:02  Refinery  
  200  13:15  Planetary Fortress  
  200  13:19  Missile Turret  
  200  13:39  Missile Turret  
  175  13:53  Siege Tank x2  
  175  13:54  Viking x3, Liberator, Siege Tank  
  179  13:56  Hellion x2  
  170  14:12  Orbital Command  
  170  14:15  Terran Ship Weapons Level 1  
  168  14:19  Hellion x4  
  165  14:32  Siege Tank x3  
  174  14:49  Viking x2  
  174  14:50  Viking x2  
  174  14:51  SCV  
  183  15:12  Refinery  
  178  15:15  Refinery, Command Center, Factory  
  178  15:16  Factory  
  178  15:30  Siege Tank x3  
  178  15:31  Hellion x4  
  178  15:33  Viking x2  
  184  16:02  Siege Tank  
  187  16:04  Siege Tank  
  187  16:05  Factory Reactor, Factory Tech Lab, Siege Tank  
  187  16:06  Hellion x3  
  197  16:21  Liberator  
  197  16:23  Terran Ship Weapons Level 2  
  194  16:33  Planetary Fortress  
  194  16:35  Siege Tank  
  194  16:37  Missile Turret  
  197  16:45  Siege Tank  
  200  16:50  Missile Turret x3  
  200  17:07  Siege Tank x2  
  195  17:27  Command Center  
  195  17:48  Missile Turret  
  195  17:49  Unknown  
  195  17:50  Command Center, Missile Turret  
  195  17:51  Missile Turret  
  195  17:52  Missile Turret  
  195  17:53  Unknown  
  195  18:02  Viking x4  
  188  18:35  Siege Tank x4  
  185  19:03  Planetary Fortress  
  185  19:04  Orbital Command  
  185  19:09  SCV x4  
  181  19:15  Refinery, Siege Tank x3  
  181  19:16  Hellion x3, Siege Tank  
  178  19:39  Viking x2  
  178  19:41  Starport Reactor  
  174  19:47  Siege Tank  
  175  19:55  Siege Tank  
  175  19:56  Siege Tank x2  
  175  19:57  Hellion x6  
  191  20:09  Viking  
  187  20:35  SCV x4  
  177  20:58  Siege Tank x3  
  177  20:59  Siege Tank  
  189  21:05  Terran Ship Weapons Level 3  
  189  21:08  Hellion x3  
  189  21:30  Viking x2, Siege Tank x2  
  189  21:31  Starport Reactor  
  188  21:42  Command Center  
  186  21:50  Siege Tank x2  
  186  21:51  Hellion x3  
  198  21:56  Command Center  
  198  21:59  Factory x2  
  198  22:00  Viking  
  194  22:19  Viking x3  
  197  22:25  Missile Turret x2  
  197  22:26  Missile Turret, Refinery x2  
  189  22:41  Viking  
  189  22:43  Factory Tech Lab  
  187  22:45  Factory Reactor  
  187  22:49  Viking  
  189  22:56  Thor  
  195  23:21  Orbital Command  
  195  23:24  Refinery  
Tags
 
Composition
Mech
League
Master
Matchup
TvT
Race
Terran
Spawn Locations
Cross Positions
Add a new tag
Caveats
  • Supply blocks, unpowered buildings, or Contaminate may cause inaccurate times.
  • Supply counts are checked every 10 seconds.